Map: Dreamcatcher LE

Players

Lambo - Winner!

  • Race: Zerg Zerg
  • Spawn Location: 11:00

Warren

  • Race: Zerg Zerg
  • Spawn Location: 5:00

Event: WCS Austin 2018

VOD

Have the link to the VOD?

Description

Time

  • Played on: June 1, 2018, 1:21 p.m.
  • Length: 10:00

All games in this series

Show
View Real Time Build Order
Export as new Build Order

Lambo Zerg - Winner!

Build Orders: Hatch First 

Get SALT Encoding   

  12  0:00  Drone  
  13  0:12  Overlord  
  13  0:16  Drone  
  14  0:31  Drone x2  
  16  0:47  Hatchery  
  15  0:50  Drone  
  15  0:54  Drone  
  17  1:08  Spawning Pool  
  16  1:11  Extractor  
  16  1:13  Drone  
  16  1:16  Drone  
  17  1:19  Drone  
  18  1:28  Drone  
  19  1:39  Drone  
  20  1:50  Overlord  
  20  1:54  Queen  
  20  1:58  Queen  
  20  2:00  Drone x2  
  26  2:10  Drone  
  26  2:11  Zergling x2  
  28  2:21  Drone  
  29  2:24  Drone  
  30  2:31  Queen  
  30  2:33  Drone x2  
  30  2:36  Lair  
  34  2:39  Evolution Chamber  
  34  2:43  Extractor  
  32  2:44  Overlord  
  32  2:48  Drone  
  33  2:52  Drone  
  33  2:57  Roach Warren  
  33  2:59  Drone  
  33  3:02  Drone  
  35  3:06  Drone  
  35  3:08  Drone  
  37  3:13  Zerg Missile Weapons Level 1  
  37  3:14  Drone  
  37  3:16  Drone  
  38  3:22  Overlord  
  38  3:34  Overlord  
  38  3:38  Roach x3, Glial Reconstitution  
  44  3:46  Queen  
  46  3:51  Roach  
  46  3:53  Roach  
  50  3:56  Roach  
  50  3:57  Roach  
  50  4:00  Roach  
  56  4:05  Overlord  
  56  4:10  Roach x2  
  56  4:16  Overlord  
  60  4:19  Overlord  
  60  4:26  Roach x2  
  60  4:29  Roach  
  66  4:33  Roach  
  66  4:34  Overlord  
  70  4:38  Roach  
  70  4:43  Roach x2  
  74  4:49  Overlord  
  74  4:50  Roach  
  76  4:56  Roach x2  
  80  5:00  Roach  
  80  5:05  Roach  
  84  5:11  Roach  
  84  5:12  Queen  
  88  5:14  Roach  
  90  5:25  Roach x2  
  94  5:32  Roach  
  94  5:33  Roach  
  91  5:37  Roach  
  89  5:46  Roach x2  
  87  5:51  Roach  
  81  5:57  Roach  
  81  6:01  Roach  
  73  6:07  Roach  
  71  6:11  Roach  
  61  6:18  Drone  
  61  6:21  Drone  
  49  6:27  Drone  
  49  6:28  Queen  
  50  6:34  Drone  
  50  6:36  Zerg Missile Weapons Level 2  
  50  6:37  Drone x2  
  50  6:39  Drone  
  55  6:40  Drone  
  55  6:46  Drone  
  56  6:55  Drone  
  56  6:58  Hatchery, Drone  
  56  7:01  Drone  
  58  7:02  Drone  
  58  7:05  Drone x2  
  61  7:10  Overseer  
  61  7:11  Drone  
  61  7:14  Extractor  
  61  7:15  Drone  
  62  7:21  Roach x2  
  66  7:35  Queen  
  66  7:36  Drone  
  69  7:38  Roach x3  
  69  7:39  Roach x2  
  69  7:41  Overlord  
  79  7:47  Roach x2  
  83  7:54  Roach  
  87  8:02  Roach x4  
  93  8:06  Roach  
  95  8:14  Roach x3  
  95  8:17  Ravager  
  95  8:18  Queen  
  95  8:19  Roach x2  
  108  8:23  Roach  
  110  8:27  Overlord  
  110  8:31  Overlord  
  110  8:32  Roach  
  112  8:35  Drone x2  
  114  8:43  Overlord  
  114  8:47  Roach x3  
  120  8:51  Roach  
  122  8:55  Overlord  
  122  8:59  Ravager x2  
  122  9:00  Drone x2, Ravager  
  122  9:01  Drone  
  128  9:09  Roach  
  134  9:10  Roach x2  
  134  9:11  Drone  
  134  9:16  Drone  
  134  9:17  Drone x3  
  132  9:22  Drone  
  132  9:23  Drone x2  
  136  9:24  Extractor  
  135  9:34  Roach x2  
  139  9:38  Overlord  
  139  9:40  Roach x2  
Show
View Real Time Build Order
Export as new Build Order

Warren Zerg 

Build Orders: Hatch First 

Get SALT Encoding   

  12  0:01  Drone  
  13  0:12  Overlord  
  13  0:18  Drone  
  14  0:31  Drone x2  
  16  0:49  Hatchery  
  15  0:51  Drone  
  15  0:55  Drone  
  17  0:59  Drone  
  18  1:06  Extractor  
  17  1:14  Spawning Pool  
  17  1:17  Drone  
  17  1:20  Drone  
  18  1:28  Drone  
  19  1:38  Drone  
  20  1:49  Overlord  
  20  2:01  Drone, Queen  
  20  2:02  Queen, Zergling x2  
  20  2:07  Metabolic Boost  
  26  2:11  Drone  
  26  2:13  Drone  
  28  2:22  Drone  
  29  2:23  Drone  
  30  2:34  Drone x2  
  32  2:44  Hatchery  
  32  2:49  Overlord  
  31  2:56  Baneling Nest  
  31  2:57  Drone x2  
  31  2:58  Drone  
  33  3:09  Zergling x2  
  33  3:13  Drone  
  33  3:14  Drone x5  
  33  3:18  Drone  
  40  3:20  Evolution Chamber  
  40  3:25  Drone  
  40  3:28  Drone  
  41  3:37  Drone  
  41  3:38  Drone  
  41  3:39  Lair  
  42  3:41  Extractor  
  42  3:42  Drone  
  42  3:44  Roach Warren  
  42  3:45  Overlord  
  41  3:49  Overlord  
  41  3:53  Drone x2  
  43  3:56  Drone x2  
  43  4:00  Zerg Missile Weapons Level 1, Extractor  
  44  4:06  Queen  
  44  4:08  Drone  
  47  4:15  Overlord  
  47  4:23  Roach x4  
  55  4:25  Roach  
  55  4:27  Roach  
  59  4:33  Overlord  
  59  4:34  Overlord  
  59  4:37  Spine Crawler  
  58  4:40  Roach  
  62  4:45  Roach  
  62  4:46  Roach  
  62  4:49  Zergling x2  
  62  4:50  Overlord  
  65  4:58  Roach x2  
  65  4:59  Roach  
  71  5:00  Glial Reconstitution  
  71  5:06  Baneling x2  
  71  5:08  Roach, Zergling x2  
  74  5:16  Overlord  
  74  5:17  Roach x2  
  78  5:25  Roach  
  78  5:26  Roach  
  80  5:32  Roach x2  
  81  5:37  Roach  
  81  5:38  Roach x3  
  86  5:47  Roach x2, Zergling x2  
  76  5:53  Roach, Zergling x2  
  58  5:57  Zergling x2  
  58  6:02  Roach  
  46  6:04  Zergling x2  
  46  6:08  Zergling x2  
  29  6:44  Drone x3  
  29  6:46  Drone  
  33  6:50  Drone  
  34  6:55  Drone  
  34  6:59  Drone  
  36  7:04  Drone  
  37  7:12  Drone x3  
  40  7:16  Drone  
  40  7:17  Drone  
  42  7:23  Drone  
  42  7:28  Drone x2  
  45  7:32  Drone  
  45  7:33  Drone  
  46  7:40  Zerg Missile Weapons Level 2  
  46  7:45  Roach x2  
  46  7:50  Roach  
  52  7:51  Drone  
  52  7:52  Drone  
  54  7:59  Roach x2  
  54  8:03  Roach  
  60  8:07  Roach  
  60  8:10  Roach  
  60  8:12  Roach  
  66  8:16  Overlord  
  66  8:21  Roach  
  66  8:24  Roach  
  70  8:30  Roach x2  
  70  8:32  Roach  
  76  8:35  Roach  
  76  8:38  Roach  
  80  8:46  Roach x2  
  80  8:48  Overlord  
  84  8:51  Roach  
  86  8:57  Ravager  
  86  8:59  Ravager  
  88  9:08  Roach x2  
  88  9:09  Roach, Zergling x4  
  92  9:17  Roach x3  
  98  9:32  Overlord x3  
  98  9:39  Overlord  
Tags
 
Add a new tag
Caveats
  • Supply blocks, unpowered buildings, or Contaminate may cause inaccurate times.
  • Supply counts are checked every 10 seconds.